cohdb
Replays
Latest Replays
All Replays
Popular Replays
Top Player Replays
Match Explorer
How It Works
Community
CoH3 Stats
Reddit
Sign in to upload your games and track your stats! →
Sign in with Steam
Match 45514219
Unlisted
Match 45514219
Overview
Messages
Build Orders
End
Construct Infanterie Kompanie
Kettenkrad Recon Vehicle
Grenadier Squad
Grenadier Squad
Sniper
Construct Luftwaffe Kompanie
Support Elements
Flak 30 Anti-aircraft Gun Team
Jäger Squad
Jäger Squad
Wirbelwind Flakpanzer
Construct Panzergrenadier Kompanie
Selects Terror Battlegroup
Selects Interrogate
Selects Propaganda Leaflet Drop
Jäger Squad
Medical Station
Construct Panzer Kompanie
Selects V1 Rocket Strike
Medical Bunker
Stoßtruppen Squad
Panzer IV Medium Tank
Selects Machine Gun Camouflage
Selects No Quarter
V1 Rocket Strike
Panzer IV Medium Tank
Panzer IV Medium Tank
Pioneer Squad
Pioneer Squad
Side Skirts
V1 Rocket Strike
Selects King Tiger Heavy Tank
King Tiger Heavy Tank
Stoßtruppen Squad
V1 Rocket Strike
Flak 30 Anti-aircraft Gun Team
Propaganda Leaflet Drop
Panzer IV Medium Tank
Panzer IV Medium Tank
Panzer IV Medium Tank
mi prima de Cifuentes
Katunar
Beardedragon
Cicero_540
Onmyouji
mugirara
General_Zaad
North4tlantic
0
0
Comments
sign in to comment!
No comments posted yet!